 Dungeon Crawl Stone Soup version 0.31-a0-844-gdc52ec4e09 (webtiles) character file.

Game seed: 3499661466269481274

180850 Bravepunisher the Pandemonic (level 17, -5/89 HPs)
             Began as a Spriggan Monk on Sept 29, 2023.
             Was a High Priest of Makhleb.
             Killed from afar by a will-o-the-wisp (16 damage)
             ... with a foxfire
             ... on level 1 of the Swamp.
             The game lasted 02:13:03 (29193 turns).

Bravepunisher the Pandemonic (Spriggan Monk)       Turns: 29193, Time: 02:13:03

Health: -5/89      AC: 24    Str:  7    XL:     17   Next: 32%
Magic:  0/31       EV: 30    Int: 11    God:    Makhleb [*****.]
Gold:   1916       SH: 12    Dex: 37    Spells: 16/16 levels left

rFire   x . .        d - +11 short sword "Gifuad" {flame, rF- Dex+5}
rCold   + + .        N - +2 buckler
rNeg    . . .        L - +9 ice dragon scales
rPois   .            (helmet restricted)
rElec   .            t - +1 cloak
rCorr   .            (gloves unavailable)
SInv    +            (boots unavailable)
Will    +++..        o - amulet of Piqedia {Spirit rF+ Will+}
Stlth   +            f - +6 ring of dexterity
HPRegen 0.34/turn    F - +5 ring of evasion
MPRegen 0.22/turn

%: guardian spirit
@: very quick
A: very small, no large weapons, unfitting armour, see invisible, speed 3,
inability to drink after injury 1
}: 1/15 runes: serpentine
a: Renounce Religion, Minor Destruction, Lesser Servant of Makhleb, Major
Destruction, Greater Servant of Makhleb


You were on level 1 of the Swamp.
You worshipped Makhleb.
Makhleb was extremely pleased with you.
You visited 6 branches of the dungeon, and saw 27 of its levels.
You also visited: Sewer, Bailey, Ice Cave and Volcano.

You collected 3376 gold pieces.
You spent 1460 gold pieces at shops.

Inventory:

Hand Weapons
 d - the +11 short sword "Gifuad" (weapon) {flame, rF- Dex+5}
   (You found it on level 2 of the Dungeon)

   Dex+5:     It affects your dexterity (+5).
   rF-:       It makes you vulnerable to fire.
Missiles
 a - 6 throwing nets
Armour
 t - a +1 cloak (worn)
 L - +9 ice dragon scales (worn)
 N - a +2 buckler (worn)
Jewellery
 f - a +6 ring of dexterity (left hand)
 o - the amulet of Piqedia (around neck) {Spirit rF+ Will+}
   (You acquired it on level 14 of the Dungeon)

   [amulet of guardian spirit]

   Spirit:    It causes incoming damage to be divided between your reserves of
   health and magic.
   rF+:       It protects you from fire.
   Will+:     It increases your willpower.
 s - a ring of protection from cold
 y - a ring of poison resistance
 F - a +5 ring of evasion (right hand)
 G - a ring of flight
Wands
 v - a wand of acid (3)
 E - a wand of mindburst (6)
 I - a wand of flame (11)
 J - a wand of digging (1)
 K - a wand of charming (9)
Scrolls
 j - 3 scrolls of amnesia
 l - 5 scrolls of teleportation
 p - 2 scrolls of brand weapon
 w - 10 scrolls of enchant weapon
 x - 4 scrolls of fog
 z - 3 scrolls of blinking
 C - 9 scrolls of identify
 D - 3 scrolls of fear
 H - a scroll of summoning {unknown}
Potions
 b - 2 potions of mutation
 c - a potion of ambrosia
 e - 7 potions of haste
 g - 3 potions of resistance
 h - 3 potions of berserk rage
 i - 9 potions of might
 k - a potion of heal wounds
 m - a potion of invisibility
 n - 2 potions of enlightenment
 q - 4 potions of magic
 r - a potion of lignification
 A - a potion of brilliance
 B - 4 potions of curing
Miscellaneous
 u - a phial of floods


   Skills:
 - Level 10.0 Fighting
 + Level 11.5 Short Blades
 * Level 9.9 Armour
 + Level 17.7 Dodging
 * Level 9.8 Shields
 + Level 18.0 Invocations


You had 16 spell levels left.
You didn't know any spells.
Your spell library contained the following spells:

 Spells                   Type           Power      Damage    Failure   Level
 Apportation              Tloc           0%         N/A       99%         1
 Necrotise                Necr           0%         1d4       99%         1
 Sandblast                Erth           0%         2d4       99%         1
 Summon Small Mammal      Summ           0%         N/A       99%         1
 Blink                    Tloc           0%         N/A       100%        2
 Cigotuvi's Dreadful Rot  Necr/Pois/Air  0%         N/A       100%        2
 Lesser Beckoning         Tloc           0%         N/A       100%        2
 Momentum Strike          Conj/Tloc      0%         3d8       100%        2
 Passwall                 Tmut/Erth      0%         N/A       100%        2
 Dazzling Flash           Conj/Hex       0%         N/A       100%        3
 Stone Arrow              Conj/Erth      0%         3d7       100%        3
 Tukima's Dance           Hex            0%         N/A       100%        3
 Anguish                  Hex/Necr       0%         N/A       100%        4
 Brom's Barrelling Bould  Conj/Erth      0%         2d3       100%        4
 Cause Fear               Hex            0%         N/A       100%        4
 Dispel Undead            Necr           0%         3d6       100%        4
 Leda's Liquefaction      Hex/Erth       0%         N/A       100%        4
 Manifold Assault         Tloc           0%         N/A       100%        4
 Passage of Golubria      Tloc           0%         N/A       100%        4
 Vhi's Electric Charge    Tloc/Air       0%         N/A       100%        4
 Agony                    Necr           0%         N/A       100%        5
 Lee's Rapid Deconstruct  Erth           0%         3d4*      100%        5
 Silence                  Hex/Air        0%         N/A       100%        5
 Yara's Violent Unravell  Hex/Tmut       0%         3d3       100%        5
 Death Channel            Necr           0%         N/A       100%        6
 Enfeeble                 Hex            0%         N/A       100%        7
 Lehudib's Crystal Spear  Conj/Erth      0%         10d2      100%        8


Dungeon Overview and Level Annotations

Branches:
Dungeon (14/15)            Temple (1/1) D:4            Lair (5/5) D:10
  Swamp (1/4) Lair:3        Snake (4/4) Lair:2        Slime (0/5) Lair:4
    Orc (2/2) D:11            Elf (0/3) Orc:2        Vaults (0/5) D:14
  Sewer (visited)          Bailey (visited)           IceCv (visited)
Volcano (visited)

Altars:
Ashenzari
Cheibriados
Dithmenos
Elyvilon
Fedhas
Gozag
Hepliaklqana
Kikubaaqudgha
Makhleb
Nemelex Xobeh
Okawaru
Qazlal
Ru
Sif Muna
Trog
Uskayaw
Vehumet
Wu Jian
Xom
Yredelemnul
Zin
The Shining One
Jiyva

Shops:
D:7 (   D:9 ?   D:13 (:!:   Orc:1 =   Orc:2 :?(*   Snake:4 [

Portals:
Pandemonium: Orc:2

Annotations:
D:6 exclusion: oklob plant
Lair:2 3 runed translucent doors, GigaChad's ghost, journeyman FoFi
Lair:4 exclusion: oklob plant
Swamp:1 Donald


Innate Abilities, Weirdness & Mutations

You are very small and have problems with some larger weapons.
You are too small for most types of armour.
You have supernaturally acute eyesight. (SInv)
You cover ground extremely quickly. (Speed+++)
You occasionally lose the ability to drink potions when taking damage.


Message History

Anything else - Cancel.
Gang up on whom?
Press: ? - help, Dir - move target, f - Donald
Aim: Donald, wielding a +1 long sword of holy wrath, wearing a +0 plate armour and wearing a +2 kite shield (ally target) Attack!
The foxfire hits your Executioner!
Your Executioner resists.
Your Executioner dies!
Your Executioner disappears in a puff of smoke!
Donald says, "I bet the Orb isn't even all that great."
Your blizzard demon hits Donald but does no damage.
Donald blocks your blizzard demon's attack.
The foxfire hits you!! The fire burns you terribly!
* * * LOW HITPOINT WARNING * * *
You feel much better.
Donald mumbles some strange words.
Donald seems to speed up.
Your blizzard demon gestures at Donald.
The bolt of cold hits Donald!!
Donald is engulfed in freezing vapours.
Donald gestures wildly while chanting.
Donald seems to grow stronger.
The will-o-the-wisp gestures.
The will-o-the-wisp conjures some marshlight!
Donald blocks your blizzard demon's attack.
Your blizzard demon hits Donald! 2 foxfires come into view.
Found a scroll of vulnerability.
Donald is engulfed in freezing vapours.
Donald says, "I hate you, too."
Donald hits your blizzard demon with a +1 long sword of holy wrath!!
Your blizzard demon convulses!!!
Your blizzard demon dies!
Your blizzard demon disappears in a puff of smoke!
The foxfire hits you! The fire burns you terribly!
* * * LOW HITPOINT WARNING * * *
Aiming: Minor Destruction (0% risk of failure)
Press: ? - help, Shift-Dir - straight line, f - foxfire, p - Donald
Aim: a foxfire
Okay, then.
The foxfire hits you! The fire burns you terribly!
You die...

.vi.~.~~~♣..~~.~♣♣.....
♣~~v§†)?...~♣♣♣♣♣.~~ ~
♣♣♣...§~.~.♣♣ ♣~.~ ~~
♣♣♣†§~.~§♣♣ ♣♣♣. .~~
♣v§§......~ ♣♣ .~~~
♣§§~~~♣..~~~ ~~~~~
♣§~~@°.°.~~~~
.~~~~.♣♣v~~~~..>~~~~
...~~~.@........~~~~
~.§~~§...♣♣...... ♣♣♣
♣.~~~~.~♣♣ .~~..~ ♣♣♣.♣
.§~~.~~~. ~~~... ....
..~~.~~§. ~..~ ♣♣♣...
......~~.. ~.~ ♣.....
~~?.~.~... ♣♣†.♣.
~~..~♣..... ♣.†...
♣♣†..♣


You could see Donald (fast, strong) and a will-o-the-wisp.

Vanquished Creatures
  Vashnia (Snake:3)
  A frost giant (IceCv)
  4 nagarajas (Snake:4)
  An orc warlord (D:11)
  A dire elephant (D:10)
  7 hydras
  9 anacondas
  A salamander tyrant (Snake:4)
  An alligator (Swamp:1)
  5 catoblepae
  3 demonspawn (Orc:2)
  4 centaur warriors
  10 death yaks
  6 naga warriors
  5 two-headed ogres
  3 boulder beetles
  A death knight (D:14)
  A merfolk avatar (Lair:5)
  11 naga sharpshooters
  A tengu warrior (D:14)
  A demonic crawler (Lair:2)
  8 orc high priests
  5 shock serpents
  A hell knight (Volcano)
  2 skysharks
  A sea snake (Lair:5)
  3 salamander mystics
  4 naga ritualists
  A bog body (Swamp:1)
  5 orc knights
  7 mana vipers
  6 orc sorcerers
  9 salamanders
  5 cyclopes
  33 black mambas
  10 elephants (Lair:5)
  10 naga magi
  A guardian serpent (Snake:4)
  A gargoyle (D:10)
  14 cane toads
  3 rime drakes
  An orange demon (D:11)
  An unseen horror (D:12)
  3 kobold demonologists
  2 tengu conjurers (D:13)
  An ice devil (Orc:2)
  7 komodo dragons
  2 red devils (Orc:2)
  6 trolls
  10 polar bears
  2 meliai (D:13)
  Prince Ribbit (D:7)
  2 wind drakes (Lair:5)
  2 tyrant leeches (Swamp:1)
  3 hellwings
  A hornet (D:11)
  16 blink frogs
  A snapping turtle (Lair:5)
  5 slime creatures
  Sigmund (D:6)
  4 wyverns
  A wraith (D:12)
  93 yaks
  2 ynoxinuls
  Eustachio (D:6)
  10 vampire mosquitoes
  A neqoxec (D:11)
  3 basilisks
  3 steam dragons
  28 nagas
  Menkaure (D:4)
  5 wargs
  4 swamp worms
  2 hell hounds (Snake:2)
  20 water moccasins
  An acid dragon (D:13)
  3 black bears
  32 orc warriors
  A swamp drake (Swamp:1)
  3 ice beasts
  A sky beast (D:4)
  22 wolves
  8 centaurs
  8 ogres
  4 phantoms
  6 kobold brigands
  A lemure (D:3)
  13 bullfrogs
  7 gnoll sergeants (Bailey)
  9 wights
  8 scorpions
  25 killer bees
  4 howler monkeys
  4 electric eels
  9 gnoll boudas
  29 orc priests
  5 hounds
  3 jellies
  6 iguanas
  Jessica (D:3)
  Ijyb (D:3)
  3 sleepcaps
  Natasha (thrice) (D:3)
  20 orc wizards
  Robin (D:3)
  19 gnolls
  16 adders
  A river rat (Sewer)
  A shadow imp (D:8)
  12 white imps (D:11)
  2 ufetubi
  A worm (D:5)
  72 orcs
  12 ball pythons
  3 endoplasms
  4 giant cockroaches
  14 goblins
  8 hobgoblins
  6 jackals
  24 kobolds
  8 quokkas
  13 bats
  9 frilled lizards
  8 rats
925 creatures vanquished.

Vanquished Creatures (collateral kills)
  2 nagarajas (Snake:4)
  Azrael (Snake:2)
  A salamander tyrant (Snake:4)
  A hydra (Swamp:1)
  4 naga warriors
  A shock serpent (Snake:4)
  4 naga sharpshooters
  3 spriggans (Swamp:1)
  A goliath frog (Swamp:1)
  A salamander mystic (Snake:4)
  A spriggan druid (Swamp:1)
  A naga ritualist (Snake:1)
  A mana viper (Snake:1)
  5 salamanders
  4 black mambas
  A guardian serpent (Snake:1)
  6 naga magi
  A meliai (D:13)
  3 hornets (Swamp:1)
  A fire elemental (Snake:2)
  A swamp worm (Swamp:1)
  16 nagas
  3 hell hounds (Snake:2)
  An orc warrior (Orc:1)
  2 orc priests
66 creatures vanquished.

Vanquished Creatures (others)
  2 bloated husks (Swamp:1)
  A golden eye (shapeshifter) (D:14)
  A naga (Snake:4)
  A hound (D:5)
  An iguana (D:5)
  An orc (D:8)
  3 foxfires (Swamp:1)
10 creatures vanquished.

Grand Total: 1001 creatures vanquished

Notes
Turn   | Place    | Note
-------+----------+-------------------------------------------
     0 | D:1      | Bravepunisher the Spriggan Monk began the quest for the
                  | Orb.
     0 | D:1      | Reached XP level 1. HP: 11/11 MP: 2/2
    12 | D:2      | Reached XP level 2. HP: 14/16 MP: 3/3
    75 | D:2      | Identified the +11 short sword "Gifuad" {flame, rF- Dex+5}
    99 | D:3      | Noticed Jessica
    99 | D:3      | Noticed Ijyb
   101 | D:3      | Noticed Natasha
   200 | D:4      | Found a white marble altar of Elyvilon.
   272 | D:4      | Noticed a sky beast
   278 | D:4      | Found a glowing drain.
   289 | Sewer    | Entered a sewer
   342 | Sewer    | Reached XP level 3. HP: 20/20 MP: 4/4
   446 | Sewer    | Reached skill level 5 in Dodging
   446 | Sewer    | Reached XP level 4. HP: 24/24 MP: 5/5
   685 | D:4      | Found a bloodstained altar of Trog.
   727 | D:5      | Entered Level 5 of the Dungeon
   746 | D:5      | Noticed a phantom
   747 | D:5      | Noticed a scorpion
   747 | D:5      | Noticed a centaur
   748 | D:5      | Found a shimmering altar of Xom.
   748 | D:5      | Noticed a scorpion
   783 | D:6      | Noticed a phantom
   860 | D:6      | Reached XP level 5. HP: 26/29 MP: 6/6
   870 | D:6      | Noticed Eustachio
   880 | D:6      | Killed Eustachio
   881 | D:6      | Reached XP level 6. HP: 35/35 MP: 7/7
  1059 | D:7      | Noticed an ice beast
  1091 | D:6      | Reached skill level 5 in Fighting
  1121 | D:6      | Noticed a troll
  1148 | D:6      | Found a blossoming altar of Fedhas.
  1172 | D:6      | Noticed an oklob plant
  1290 | D:7      | Found a hazy altar of Hepliaklqana.
  1348 | D:7      | Found Rayfrol's Antique Weapon Boutique.
  1360 | D:7      | Noticed a wraith
  1362 | D:7      | Reached XP level 7. HP: 39/39 MP: 8/8
  1406 | D:7      | Noticed Prince Ribbit
  1408 | D:6      | Noticed Sigmund
  1481 | D:6      | Found a broken altar of Ashenzari.
  1488 | D:6      | Found a glowing silver altar of Zin.
  1970 | D:5      | Reached XP level 8. HP: 32/45 MP: 9/9
  2025 | D:4      | Found a staircase to the Ecumenical Temple.
  2063 | Temple   | Entered the Ecumenical Temple
  2078 | Temple   | Became a worshipper of Makhleb the Destroyer
  2078 | Temple   | Reached * piety under Makhleb
  2078 | Temple   | Reached ** piety under Makhleb
  2141 | D:3      | Reached skill level 1 in Invocations
  2150 | D:3      | Killed Jessica
  2154 | D:3      | Killed Natasha
  2158 | D:3      | Killed Ijyb
  2159 | D:3      | Reached skill level 5 in Short Blades
  2231 | D:2      | Found a faded altar of an unknown god.
  3020 | D:2      | Reached skill level 2 in Invocations
  3193 | D:2      | Found a stormy altar of Qazlal.
  3306 | D:3      | Reached *** piety under Makhleb
  3384 | D:3      | Noticed Robin
  3388 | D:3      | Killed Robin
  3459 | D:3      | Noticed Natasha
  3464 | D:3      | Killed Natasha
  3464 | D:3      | Noticed Natasha
  3473 | D:3      | Killed Natasha
  3730 | D:3      | Noticed Grinder
  3732 | D:3      | Grinder changed into Grinder the lemure
  3732 | D:3      | Noticed Grinder
  3745 | D:3      | Killed Grinder the lemure
  3746 | D:3      | Reached skill level 3 in Invocations
  4250 | D:4      | Noticed Menkaure
  4252 | D:4      | Killed Menkaure
  4253 | D:4      | Reached skill level 4 in Invocations
  4545 | D:5      | Reached XP level 9. HP: 49/49 MP: 13/13
  4553 | D:5      | Reached **** piety under Makhleb
  4574 | D:5      | Reached skill level 5 in Invocations
  4681 | D:5      | Found a basalt altar of Yredelemnul.
  4998 | D:6      | Reached skill level 6 in Invocations
  5063 | D:6      | Killed Sigmund
  5159 | D:6      | Killed a troll
  5160 | D:6      | Reached skill level 7 in Invocations
  5694 | D:7      | Killed Prince Ribbit
  5695 | D:7      | Reached skill level 8 in Invocations
  5848 | D:7      | Reached XP level 10. HP: 53/53 MP: 17/17
  6133 | D:8      | Reached ***** piety under Makhleb
  6154 | D:8      | Reached skill level 9 in Invocations
  6688 | D:9      | Found a shimmering blue altar of Sif Muna.
  6823 | D:9      | Found Tetiefusm's Magic Scroll Shoppe.
  6831 | D:9      | Bought a scroll of enchant weapon for 97 gold pieces
  6831 | D:9      | Bought a scroll of enchant armour for 97 gold pieces
  6891 | D:9      | Found a flagged portal.
  6902 | Bailey   | Entered a bailey
  6981 | Bailey   | Reached skill level 10 in Invocations
  7343 | D:9      | Found a glowing golden altar of the Shining One.
  7507 | D:9      | Reached skill level 11 in Invocations
  7847 | D:10     | Entered Level 10 of the Dungeon
  7857 | D:10     | Reached skill level 10 in Short Blades
  7857 | D:10     | Reached XP level 11. HP: 54/58 MP: 20/20
  8238 | D:10     | Reached ****** piety under Makhleb
  8308 | D:10     | Found a stormy altar of Qazlal.
  8415 | D:10     | Found a sparkling altar of Nemelex Xobeh.
  8424 | D:10     | Noticed a stone giant
  8506 | D:10     | Reached skill level 10 in Dodging
  8506 | D:10     | Reached skill level 12 in Invocations
  8588 | D:10     | Found a staircase to the Lair.
  8611 | D:10     | a stone giant changed into a dire elephant
  8611 | D:10     | Noticed a dire elephant
  8652 | D:10     | Killed a dire elephant
  9089 | D:11     | Found a frozen archway.
  9211 | IceCv    | Entered an ice cave
  9348 | IceCv    | Reached skill level 13 in Invocations
  9429 | IceCv    | Reached XP level 12. HP: 64/64 MP: 22/22
  9581 | IceCv    | Noticed a death yak
  9583 | IceCv    | Noticed a death yak
  9601 | IceCv    | Killed a death yak
  9611 | IceCv    | Killed a death yak
  9773 | IceCv    | Noticed a death yak
  9773 | IceCv    | Noticed a death yak
  9773 | IceCv    | Noticed a frost giant
  9795 | IceCv    | Killed a death yak
  9796 | IceCv    | Reached skill level 14 in Invocations
  9811 | IceCv    | Killed a frost giant
  9822 | IceCv    | HP: 3/65 [death yak (27)]
  9828 | IceCv    | Killed a death yak
  9876 | IceCv    | Identified the +1 mace of Wondrous Power {drain, *Noise
                  | rElec Str+5 Stlth+}
  9925 | IceCv    | Gained mutation: You sometimes lose your temper in combat.
                  | [potion of mutation]
  9925 | IceCv    | Gained mutation: You are partially covered in iridescent
                  | scales. (AC +2) [potion of mutation]
  9926 | IceCv    | Lost mutation: You are partially covered in iridescent
                  | scales. (AC +2) [potion of mutation]
  9926 | IceCv    | Lost mutation: You sometimes lose your temper in combat.
                  | [potion of mutation]
  9926 | IceCv    | Gained mutation: Your system is resistant to poisons.
                  | (rPois) [potion of mutation]
  9926 | IceCv    | Gained mutation: You are clumsy. (Dex -2) [potion of
                  | mutation]
  9926 | IceCv    | Gained mutation: You are vulnerable to heat. (rF-) [potion
                  | of mutation]
 10093 | D:11     | Found a staircase to the Orcish Mines.
 10138 | D:11     | Gained mutation: You are dopey. (Int -2) [a neqoxec]
 10139 | D:11     | Gained mutation: Armour fits poorly on your strangely
                  | shaped body. [a neqoxec]
 10141 | D:11     | Gained mutation: You are weak. (Str -2) [a neqoxec]
 10211 | D:11     | Noticed a two-headed ogre
 10218 | D:11     | Killed a two-headed ogre
 10259 | D:11     | Noticed a two-headed ogre
 10264 | D:11     | Killed a two-headed ogre
 10573 | D:12     | Noticed a two-headed ogre
 10579 | D:12     | Killed a two-headed ogre
 10795 | D:12     | Reached XP level 13. HP: 70/70 MP: 25/25
 11262 | D:12     | Reached skill level 15 in Invocations
 11848 | D:13     | Found Vaiw Serch's Book Shop.
 11898 | D:13     | Found Kigiedo's Book Emporium.
 11907 | D:13     | HP: 2/62 [meliai/+2 war axe of draining (4)]
 12062 | D:13     | Found Yxydexet's Distillery.
 12070 | D:13     | Bought a potion of mutation for 152 gold pieces
 12070 | D:13     | Lost mutation: You are dopey. (Int -2) [potion of mutation]
 12070 | D:13     | Lost mutation: You are clumsy. (Dex -2) [potion of
                  | mutation]
 12070 | D:13     | Gained mutation: Your natural rate of healing is unusually
                  | fast. [potion of mutation]
 12070 | D:13     | Lost mutation: You are weak. (Str -2) [potion of mutation]
 12071 | D:13     | Bought a potion of mutation for 152 gold pieces
 12071 | D:13     | Lost mutation: Your natural rate of healing is unusually
                  | fast. [potion of mutation]
 12071 | D:13     | Lost mutation: Your system is resistant to poisons. (rPois)
                  | [potion of mutation]
 12071 | D:13     | Gained mutation: You sometimes lose your temper in combat.
                  | [potion of mutation]
 12072 | D:13     | Bought a potion of mutation for 152 gold pieces
 12072 | D:13     | Lost mutation: Armour fits poorly on your strangely shaped
                  | body. [potion of mutation]
 12072 | D:13     | Lost mutation: You are vulnerable to heat. (rF-) [potion of
                  | mutation]
 12072 | D:13     | Gained mutation: You occasionally lose the ability to drink
                  | potions when taking damage. [potion of mutation]
 12072 | D:13     | Lost mutation: You sometimes lose your temper in combat.
                  | [potion of mutation]
 12332 | D:13     | Identified the ring "Zacricack" {Ice rN+}
 12389 | D:13     | Found Nets's Weapon Boutique.
 12568 | D:14     | Reached skill level 1 in Armour
 12646 | D:14     | Reached skill level 1 in Shields
 12744 | D:14     | Identified a scroll of acquirement
 12744 | D:14     | Acquired the amulet of Piqedia {Spirit rF+ Will+}
 13249 | D:14     | Found a gate to the Vaults.
 13343 | Lair:1   | Entered Level 1 of the Lair of Beasts
 13519 | Lair:1   | Reached skill level 16 in Invocations
 14532 | Lair:2   | Found a staircase to the Snake Pit.
 14595 | Lair:2   | Reached skill level 10 in Fighting
 14632 | Lair:2   | Reached XP level 14. HP: 77/77 MP: 25/27
 14693 | Lair:2   | Found a blossoming altar of Fedhas.
 14930 | Lair:2   | Found a runed translucent gate.
 14930 | Lair:2   | Found a runed translucent gate.
 14930 | Lair:2   | Found a runed translucent gate.
 14934 | Lair:2   | Noticed GigaChad's ghost (journeyman FoFi)
 15683 | Lair:3   | Found an opulent altar of Gozag.
 15878 | Lair:3   | Identified the +1 robe of Mujuakenaz {Will- Int+2 Dex+3}
 16150 | Lair:3   | Found a staircase to the Swamp.
 16605 | Lair:4   | Identified the staff "Cuicw" {rElec rF+ MP+9 Fire}
 16781 | Lair:4   | Reached skill level 5 in Armour
 16954 | Lair:4   | Reached skill level 15 in Dodging
 16960 | Lair:4   | Reached skill level 5 in Shields
 16964 | Lair:4   | Found a viscous altar of Jiyva.
 16964 | Lair:4   | Found a staircase to the Slime Pits.
 17532 | Lair:5   | Entered Level 5 of the Lair of Beasts
 18058 | Lair:5   | Reached XP level 15. HP: 80/80 MP: 28/28
 18615 | Lair:5   | Identified the +8 trident "Xuzijul" {venom, Fragile rPois
                  | rC+}
 19050 | Orc:1    | Entered Level 1 of the Orcish Mines
 19368 | Orc:1    | Found Osecze's Jewellery Shoppe.
 19551 | Orc:1    | Reached skill level 17 in Invocations
 19613 | Orc:1    | Found a dark tunnel.
 19618 | Volcano  | Entered a volcano
 19647 | Volcano  | Found a bloodstained altar of Trog.
 20008 | Orc:2    | Entered Level 2 of the Orcish Mines
 20301 | Orc:2    | Found Viawewka's Magic Scroll Boutique.
 20310 | Orc:2    | Found Gepyleixt's General Store.
 20438 | Orc:2    | Bought a scroll of enchant armour for 120 gold pieces
 20438 | Orc:2    | Bought a scroll of enchant weapon for 120 gold pieces
 20730 | Orc:2    | Found Xenot's Antique Weapon Emporium.
 20730 | Orc:2    | Found Kaikovoq's Book Shoppe.
 20731 | Orc:2    | Found a one-way gate leading to the halls of Pandemonium.
 20925 | Orc:2    | Found a staircase to the Elven Halls.
 21561 | Snake:1  | Entered Level 1 of the Snake Pit
 22442 | Snake:1  | Reached XP level 16. HP: 82/85 MP: 29/29
 22565 | Snake:1  | Got an ancient book
 23444 | Snake:2  | Noticed Azrael
 23457 | Snake:2  | Killed Azrael
 24639 | Snake:3  | Noticed Vashnia
 24680 | Snake:3  | Killed Vashnia
 26527 | Snake:4  | Entered Level 4 of the Snake Pit
 26837 | Snake:4  | Found Fukafe's Antique Armour Shop.
 27455 | Snake:4  | Reached XP level 17. HP: 68/89 MP: 26/30
 27810 | D:13     | Bought 2 potions of heal wounds for 190 gold pieces
 27810 | D:13     | Bought a potion of curing for 57 gold pieces
 27810 | D:13     | Bought a potion of curing for 57 gold pieces
 27810 | D:13     | Bought a potion of might for 76 gold pieces
 27810 | D:13     | Bought a potion of resistance for 190 gold pieces
 28491 | Snake:4  | Reached skill level 18 in Invocations
 28659 | Snake:4  | Got a serpentine rune of Zot
 28989 | Swamp:1  | Entered Level 1 of the Swamp
 29183 | Swamp:1  | Noticed Donald
 29189 | Swamp:1  | HP: 3/89 [will-o-the-wisp/foxfire (20)]
 29193 | Swamp:1  | Killed from afar by a will-o-the-wisp

Illustrated notes

Levels and vault maps discovered:
D:1:      dpeg_arrival_refuge, layout_loops_ring
D:2:      layout_loops_ring, basic_altar, shapermc_ecumenical_altar_mp_vishouse
D:3:      layout_loops_ring, saegor_snake_ambush, uniq_natasha, uniq_robin,
          uniq_jessica, uniq_ijyb, uniq_grinder
D:4:      layout_cave_pools, lemuel_round_altar, trog_three_pillars_becter,
          temple_doors_cd, portal_sewer_entry_f, serial_rivers,
          chequers_serial_rivers_micro_b, chequers_serial_rivers_micro_b,
          chequers_serial_rivers_micro_d, chequers_serial_rivers_micro_d,
          chequers_serial_rivers_large_b, chequers_serial_rivers_large_a,
          minmay_strange_pillars, grunt_ministairs_2, uniq_menkaure
D:5:      layout_basic, xom_confusion_cloud, kennysheep_little_box
D:6:      layout_rooms, overflow_temple_1_default, tgw_fedhas, zin_scriptorium,
          minmay_chambers_of_fives, uniq_sigmund, uniq_eustachio
D:7:      layout_basic, nicolae_hepliaklqana_hazy_memory, serial_shops, shop,
          uniq_prince_ribbit1
D:8:      layout_loops_ring
D:9:      layout_rooms, tso_oasis_becter, old_standard_altar, enter_bailey_3,
          serial_shops, shop, serial_co_window_serial, co_window_corner_a,
          co_window_paths_a, co_window_paths_a, co_window_paths_a,
          co_window_paths_a, co_window_broadway_a, co_window_2corner,
          co_window_of_opportunity_b, co_window_unsneaky_path_e,
          co_window_broadway_c, co_window_paths_c, co_window_paths_d,
          glass_columns_b
D:10:     layout_small_grid, mainiacjoe_overflow_cross_hatched,
          nemelex_xobeh_ov_fountains_minmay, grunt_lair_entry_orc_guard_hut,
          serial_rivers, chequers_serial_rivers_small_a,
          chequers_serial_rivers_micro_b, chequers_serial_rivers_room_a,
          chequers_serial_rivers_small_a, chequers_serial_rivers_marsh,
          chequers_serial_rivers_room_a, kennysheep_island_fort
D:11:     layout_roguey, orc_0_dummy, portal_ice_cave_entry_imps,
          serial_demonic, serial_demonic_d, serial_demonic_c, serial_demonic_c,
          serial_demonic_c
D:12:     layout_grid_maze
D:13:     layout_loops_ring, serial_shops, nicolae_shop_behind_doors,
          nicolae_shop_hallway_plus, nicolae_shop_crystal, shop,
          nicolae_figureground_sparkle
D:14:     layout_rooms, lightli_vaults_fourway_checkpoint,
          palyth_stone_intersect, kennysheep_small_circle
Temple:   hellmonk_temple_beads
Lair:1:   layout_cave_pods
Lair:2:   layout_chaotic_city, guppyfry_snake_entry_island,
          gammafunk_ghost_split, basic_altar, worms_lemuel
Lair:3:   layout_roguey, palyth_hydra_swamp_entry, basic_altar,
          lemuel_fruit_tree, grunt_megastairs_5
Lair:4:   layout_regular_city, minmay_slime_entry_oklob_open,
          serial_bayou_shore_b, infiniplex_staircase_pool_2,
          serial_bayou_shore_a
Lair:5:   gammafunk_lair_ancient_temple, layout_long_grid, roderic_batcave
Swamp:1:  layout_basic_swamp, nicolae_swamp_big_swirl, uniq_donald
Snake:1:  layout_layer_cave, nrook_guardian_serpent_ordinary
Snake:2:  layout_concentric_octagons, uniq_azrael
Snake:3:  layout_chambers, nicolae_snake_serpentine_hallways,
          grunt_ministairs_13, uniq_vashnia
Snake:4:  minmay_snake_end_coiled, layout_cave_town, serial_shops,
          nicolae_shop_scrapyard, grunt_megastairs_3
Orc:1:    layout_caves, serial_shops, shop, lightli_volcano_entry_magma_tube,
          basic_altar, nicolae_orc_damp_corner, kennysheep_orc_chapel
Orc:2:    pf_orc_diabolical, layout_caves, basic_altar, minmay_orc_temple_b

Skill      XL: |  1  2  3  4  5  6  7  8  9 10 11 12 13 14 15 16 17 |
---------------+----------------------------------------------------+-----
Fighting       | 3 4 5 6 7 9 10 | 10.0
Dodging        | 5 6 7 9 11 13 14 15 16 17 | 17.7
Short Blades   | 4 6 8 10 11 | 11.5
Invocations    | 4 8 11 13 14 16 17 18 | 18.0
Armour         | 2 5 8 9 |  9.9
Shields        | 2 5 7 9 |  9.8

Action                     |  1- 3 |  4- 6 |  7- 9 | 10-12 | 13-15 | 16-18 || total
---------------------------+-------+-------+-------+-------+-------+-------++-------
  Melee: Short sword       |    31 |    56 |   256 |   712 |  1810 |   737 ||  3602
         Punch             |       |     1 |     3 |    11 |     1 |       ||    16
 Invoke: Minor Destruction |       |       |   116 |   166 |   398 |   132 ||   812
         Lesser Servant of |       |       |       |     3 |    14 |    11 ||    28
         Greater Servant o |       |       |       |       |     1 |     9 ||    10
  Evoke: Wand              |       |       |     1 |     8 |    11 |     5 ||    25
    Use: Potion            |       |     1 |       |     6 |    11 |    11 ||    29
         Scroll            |       |       |       |    22 |    15 |     7 ||    44
   Stab: Sleeping          |     6 |       |    10 |     3 |       |       ||    19
         Distracted        |       |     1 |       |     1 |     4 |    11 ||    17
         Petrified         |       |       |       |       |     2 |       ||     2
 Armour: Robe              |     9 |     8 |    30 |    67 |       |       ||   114
         Ice dragon scales |       |       |       |    20 |   425 |   175 ||   620
  Dodge: Dodged            |    26 |    36 |   154 |   473 |  1021 |   446 ||  2156
  Block: Buckler           |       |       |       |       |   559 |   293 ||   852

Table legend: (Time is in decaauts)
 A = Elapsed time spent in this place.
 B = Non-inter-level travel time spent in this place.
 C = Inter-level travel time spent in this place.
 D = Time resting spent in this place.
 E = Time spent auto-exploring this place.
 F = Levels seen in this place.
 G = Mean time per level.
                   A        B        C        D        E       F      G
               +--------+--------+--------+--------+--------+-----+--------+
         Total |  20014 |  18830 |   1184 |    961 |  12071 |  31 |  645.6 |
       Dungeon |   8013 |   7460 |    553 |    277 |   4766 |  14 |  572.4 |
        Temple |     19 |      3 |     16 |      0 |      0 |   1 |   19.0 |
          Lair |   4066 |   3755 |    311 |     12 |   2635 |   5 |  813.2 |
         Swamp |    152 |    152 |      0 |      0 |     61 |   1 |  152.0 |
     Snake Pit |   5104 |   4847 |    257 |    463 |   3377 |   4 | 1276.0 |
  Orcish Mines |   1333 |   1290 |     43 |    118 |    654 |   2 |  666.5 |
         Sewer |    306 |    306 |      0 |      0 |    192 |   1 |  306.0 |
        Bailey |    265 |    265 |      0 |     20 |    122 |   1 |  265.0 |
      Ice Cave |    503 |    503 |      0 |     63 |    136 |   1 |  503.0 |
       Volcano |    248 |    248 |      0 |      6 |    125 |   1 |  248.0 |
               +--------+--------+--------+--------+--------+-----+--------+

Top non-repeatable levels by time:
 Snake:3: 1452 daAuts
 Snake:4: 1403 daAuts
 Snake:1: 1290 daAuts
  Lair:5: 1028 daAuts
   Orc:2: 997 daAuts
 Snake:2: 957 daAuts
  Lair:1: 882 daAuts
    D:10: 871 daAuts
  Lair:4: 781 daAuts
    D:12: 750 daAuts
  Lair:2: 722 daAuts
  Lair:3: 650 daAuts
    D:13: 650 daAuts
     D:5: 630 daAuts
     D:3: 618 daAuts
